[Event "*** Titled Tuesday Blitz"]
[Site "Chess.com"]
[Date "2019.03.05"]
[Round "1"]
[White "Hikaru"]
[Black "FedaMaster"]
[Result "1-0"]
[WhiteElo "3142"]
[BlackElo "2455"]
[TimeControl "180+2"]
[EndTime "13:02:31 PST"]
[Termination "Hikaru won by resignation"]

1. e4 d5 2. exd5 Qxd5 3. Nc3 Qd6 4. d4 Nf6 5. Nf3 a6 6. Bc4 b5 7. Bb3 Bb7 8. O-O e6 9. Re1 Be7 10. Ng5 O-O 11. Nxe6 Re8 12. Bf4 Qd7 13. Nxc7 Nc6 14. d5 Na5 15. Nxa8 Bxa8 16. d6 Bf8 17. Rxe8 Nxe8 18. Bd5 Nc6 19. Ne4 h6 20. Bg3 Nxd6 21. Nxd6 Bxd6 22. Bxd6 Nd8 23. Bxa8 1-0

[Event "*** Titled Tuesday Blitz"]
[Site "Chess.com"]
[Date "2019.03.05"]
[Round "1"]
[White "tomozupan"]
[Black "fmshawnrl123"]
[Result "0-1"]
[WhiteElo "2215"]
[BlackElo "2578"]
[TimeControl "180+2"]
[EndTime "13:02:52 PST"]
[Termination "fmshawnrl123 won by resignation"]

1. d4 Nf6 2. Bg5 d5 3. Bxf6 exf6 4. e3 Bd6 5. c4 dxc4 6. Bxc4 O-O 7. Nc3 a6 8. Nf3 b5 9. Bb3 Bb7 10. O-O Nd7 11. Rc1 c5 12. Bc2 cxd4 13. Nxd4 Ne5 14.
Qh5 g6 15. Qh4 f5 16. Rfd1 Qxh4 0-1

[Event "*** Titled Tuesday Blitz"]
[Site "Chess.com"]
[Date "2019.03.05"]
[Round "1"]
[White "GataKamsky1974"]
[Black "SARGISMV"]
[Result "1-0"]
[WhiteElo "2839"]
[BlackElo "2426"]
[TimeControl "180+2"]
[EndTime "13:03:07 PST"]
[Termination "GataKamsky1974 won by resignation"]

1. d4 Nf6 2. Nf3 g6 3. Bf4 Bg7 4. c3 O-O 5. h3 c5 6. e3 b6 7.
Nbd2 Bb7 8. Bd3 d6 9. O-O a6 10. Bh2 Nbd7 11. a4 Ra7 12. e4 Qa8 13. Re1 Rc8 14. e5 dxe5 15. dxe5 Nd5 16. e6 fxe6 17. Rxe6 Nf8 18. Re1 Bc6 19. Qe2 Kh8 20. Nc4 e6 21.
Nce5 Re7 22. Nxc6 Qxc6 23. Bxa6 Rd8 24. Bb5 Qb7 25. Ne5 Nc7 26. Nc6 Nxb5 27. axb5 Red7 28. Nxd8 Rxd8 29. Be5 1-0

[Event "*** Titled Tuesday Blitz"]
[Site "Chess.com"]
[Date "2019.03.05"]
[Round "1"]
[White "sergiochess83"]
[Black "witcher8"]
[Result "1-0"]
[WhiteElo "2747"]
[BlackElo "2380"]
[TimeControl "180+2"]
[EndTime "13:03:14 PST"]
[Termination "sergiochess83 won by resignation"]

1. e4 c6 2. d4 d5 3. e5 Bf5 4. Nf3 e6 5. Be2 Nd7 6. O-O h6 7. Nbd2 Ne7 8. Nb3 g5 9. a4 a5 10.
Bd2 Bg7 11. Rc1 O-O 12. h3 f6 13. exf6 Bxf6 14. Bc3 Bh7 15. Bd3 Ng6 16. Re1 Re8 17. Nh2 e5 18. Ng4 e4 19. Nxh6+ Kh8 20. Nf7+ 1-0

[Event "*** Titled Tuesday Blitz"]
[Site "Chess.com"]
[Date "2019.03.05"]
[Round "1"]
[White "SerGo055"]
[Black "FearNoEvil12"]
[Result "1-0"]
[WhiteElo "2479"]
[BlackElo "1939"]
[TimeControl "180+2"]
[EndTime "13:03:36 PST"]
[Termination "SerGo055 won by resignation"]

1. d4 b5 2. e4 a6 3. Nf3 Bb7 4. Bd3 e6 5. O-O Nf6 6. Re1 d6 7. c3 Nbd7 8. e5 Nd5 9. Nbd2 Rg8 10.
Ne4 h6 11. a4 bxa4 12. Qxa4 g5 13. Ng3 g4 14. Nd2 Nf4 15. Bf1 h5 16. Nde4 Nd5 17. Nxh5 Rh8 18. Nhf6+ Nxf6 19. Nxf6+ Ke7 20. Bg5 1-0

[Event "*** Titled Tuesday Blitz"]
[Site "Chess.com"]
[Date "2019.03.05"]
[Round "1"]
[White "pedro_gines"]
[Black "GM_dmitrij"]
[Result "0-1"]
[WhiteElo "2427"]
[BlackElo "2868"]
[TimeControl "180+2"]
[EndTime "13:03:39 PST"]
[Termination "GM_dmitrij won by resignation"]

1. d4 Nf6 2. Nf3 d5 3. c4 c6 4. e3 Bg4 5. Qb3 Qb6 6. Nc3 Bxf3 7. gxf3 e6 8. Bd2 Nbd7 9. f4 Be7 10. Be2 O-O 11. O-O-O a5 12. Qxb6 Nxb6 13. c5 Nbd7 14.
Na4 Rfb8 15. Kb1 b6 16. cxb6 Ne4 17. Be1 Nxb6 18. Nxb6 Rxb6 19. f3 Nd6 20. Rc1 Nf5 21.
Bf2 Rab8 22. Rc2 Ba3 23. b3 a4 24. Rc3 axb3 25. Rxb3 Rxb3+ 26. axb3 Rxb3+ 27. Ka2 Rb2+ 28. Kxa3 Rxe2 29. Rb1 h5 0-1

[Event "*** Titled Tuesday Blitz"]
[Site "Chess.com"]
[Date "2019.03.05"]
[Round "1"]
[White "Slovak_fighter2000"]
[Black "aa175"]
[Result "1-0"]
[WhiteElo "2469"]
[BlackElo "1873"]
[TimeControl "180+2"]
[EndTime "13:03:55 PST"]
[Termination "Slovak_fighter2000 won by resignation"]

1. d4 d5 2. c4 c6 3. Nf3 e6 4.
g3 Nf6 5. Bg2 Be7 6. Qc2 O-O 7.
O-O Nbd7 8. Nbd2 Nb6 9. b3 h6 10. e4 dxe4 11. Nxe4 Nxe4 12. Qxe4 a5 13. Bb2 a4 14.
Ne5 Bb4 15. Qg4 f6 16. Ng6 a3 17. Bc1 Bc3 18. Rb1 e5 19. Qh5 Qxd4 20. Nxf8 Kxf8 21. Be3 Qd8 22. Rbd1 Qc7 23. Bc5+ Kg8 24. Qe8+ Kh7 25. Bxb6 Qxb6 26. Rd8 Bd7 27. Qg8+ 1-0

[Event "*** Titled Tuesday Blitz"]
[Site "Chess.com"]
[Date "2019.03.05"]
[Round "1"]
[White "mikhaillushenkov"]
[Black "MatBobula"]
[Result "1-0"]
[WhiteElo "2625"]
[BlackElo "2263"]
[TimeControl "180+2"]
[EndTime "13:04:20 PST"]
[Termination "mikhaillushenkov won by resignation"]

1. Nf3 d5 2. d4 Nf6 3. c4 e6 4. Nc3 c6 5. e3 Nbd7 6. Bd3 dxc4 7. Bxc4 b5 8. Bd3 a6 9. a4 b4 10. Ne4 c5 11. Qe2 Bb7 12. Nxf6+ Nxf6 13. dxc5 Bxc5 14. e4 O-O 15. O-O a5 16. e5 Nd5 17. Bxh7+ Kxh7 18. Ng5+ Kg6 19. Qe4+ f5 20. exf6+ 1-0

[Event "*** Titled Tuesday Blitz"]
[Site "Chess.com"]
[Date "2019.03.05"]
[Round "1"]
[White "TBergh98"]
[Black "gmjoey1"]
[Result "0-1"]
[WhiteElo "2343"]
[BlackElo "2705"]
[TimeControl "180+2"]
[EndTime "13:04:26 PST"]
[Termination "gmjoey1 won by resignation"]

1. d4 Nf6 2. Bg5 c5 3. Nc3 Qb6 4. d5 g6 5. e4 Bg7 6. Rb1 d6 7.
Nf3 Bg4 8. Be2 Bxf3 9. Bxf3 Nbd7 10. O-O h6 11. Be3 O-O 12. Qd2 g5 13. h4 g4 14. Be2 Kh7 15. f4 gxf3 16. Bxf3 Rg8 17. Ne2 Ne5 18. Kh1 Nc4 19. Qc1 Nxe3 20. Qxe3 Nd7 21. Bh5 Bf6 22. Bxf7 Ne5 23. Bxg8+ Rxg8 24. Nf4 Rg4 25. h5 Rh4+ 26. Kg1 Ng4 27. Qb3 Bd4+ 28. Rf2 Bxf2+ 0-1

[Event "*** Titled Tuesday Blitz"]
[Site "Chess.com"]
[Date "2019.03.05"]
[Round "1"]
[White "Tiqr777"]
[Black "XiaoKangZhong"]
[Result "1-0"]
[WhiteElo "2506"]
[BlackElo "2099"]
[TimeControl "180+2"]
[EndTime "13:04:40 PST"]
[Termination "Tiqr777 won by checkmate"]

1. g3 c6 2. Bg2 d5 3. d3 Nf6 4.
Nc3 e5 5. e4 d4 6. Nce2 Bg4 7.
h3 Be6 8. f4 Bd6 9. Nf3 exf4 10. gxf4 Nh5 11. O-O c5 12. Ng5 Qc7 13. Nxe6 fxe6 14.
e5 Be7 15. Nxd4 Nxf4 16. Nb5 Qb6 17. Bxf4 Qxb5 18. Qg4 Nc6 19. Qxe6 Nd4 20. Qg4 h5 21. Qg6+ Kd7 22. e6+ Nxe6 23. Rae1 Nxf4 24. Rxf4 Raf8 25. Qe6+ Kc7 26. Qxe7+ Kb8 27. Rxf8+ Rxf8 28. Qxf8+ Kc7 29. Re7+ Kb6 30. Rxb7+ Ka5 31. Rxb5+ Kxb5 32. Qb8+ Ka6 33. c4 Ka5 34. Qb5# 1-0

[Event "*** Titled Tuesday Blitz"]
[Site "Chess.com"]
[Date "2019.03.05"]
[Round "1"]
[White "Salem-AR"]
[Black "Al_Shima"]
[Result "1-0"]
[WhiteElo "2941"]
[BlackElo "2442"]
[TimeControl "180+2"]
[EndTime "13:04:44 PST"]
[Termination "Salem-AR won by resignation"]

1. d4 Nf6 2. c4 Nc6 3. Nf3 e6 4. a3 d5 5. Nc3 Be7 6. Bg5 a6 7. e3 O-O 8. Qc2 h6 9. Bh4 Bd7 10.
Rd1 Na7 11. Bxf6 Bxf6 12. cxd5 Re8 13. Bc4 e5 14. dxe5 Bxe5 15. Nxe5 Rxe5 16. O-O Rh5 17. Be2 Rg5 18. f4 Rg6 19. Bd3 Rd6 20. e4 Bg4 21. Rde1 c6 22. e5 Rxd5 23. Nxd5 Qxd5 24. h3 Be6 25. Rd1 Qd4+ 26. Kh1 Qb6 27. Bc4 Nb5 28. f5 Bxc4 29. Qxc4 Qc7 30. e6 fxe6 31. fxe6 Nd6 32. Qf4 Rd8 33. Rxd6 Qxd6 34. Qxd6 1-0

[Event "*** Titled Tuesday Blitz"]
[Site "Chess.com"]
[Date "2019.03.05"]
[Round "1"]
[White "LPSupi"]
[Black "riconaipe"]
[Result "1-0"]
[WhiteElo "2861"]
[BlackElo "2427"]
[TimeControl "180+2"]
[EndTime "13:04:45 PST"]
[Termination "LPSupi won by resignation"]

1. c4 e6 2. Nf3 g6 3. d4 Bg7 4. Nc3 Ne7 5. e4 O-O 6. h4 d5 7. h5 c5 8. hxg6 fxg6 9. cxd5 cxd4 10. Nxd4 exd5 11. exd5 Qb6 12. Bc4 Kh8 13. Be3 Qxb2 14. Rc1 Bg4 15. Qxg4 Nf5 16. Nxf5 Bxc3+ 17. Kf1 Rxf5 18. Rxc3 Qxc3 19. Bd4+ 1-0

[Event "*** Titled Tuesday Blitz"]
[Site "Chess.com"]
[Date "2019.03.05"]
[Round "1"]
[White "chess_brilliant"]
[Black "LarissaSteenbekkers"]
[Result "1-0"]
[WhiteElo "2489"]
[BlackElo "2012"]
[TimeControl "180+2"]
[EndTime "13:04:51 PST"]
[Termination "chess_brilliant won by resignation"]

1. d4 Nf6 2. c4 e6 3. Nc3 Bb4 4. e3 O-O 5. Bd3 d5 6. Nf3 c5 7. O-O cxd4 8. exd4 dxc4 9. Bxc4 b6 10. Bg5 Bb7 11. Qe2 Nbd7 12. d5 exd5 13. Nxd5 Re8 14. Qc2 Bxd5 15. Bxd5 Rc8 16. Qb3 Qe7 17. Nd4 g6 18.
Nc6 Rxc6 19. Bxc6 Qe5 20. Bxf6 1-0

[Event "*** Titled Tuesday Blitz"]
[Site "Chess.com"]
[Date "2019.03.05"]
[Round "1"]
[White "Mikhail_Golubev"]
[Black "Indianlad"]
[Result "0-1"]
[WhiteElo "2453"]
[BlackElo "3008"]
[TimeControl "180+2"]
[EndTime "13:04:57 PST"]
[Termination "Indianlad won by resignation"]

1. e4 c6 2. d4 d5 3. Nc3 dxe4 4.
Nxe4 Nf6 5. Nxf6+ exf6 6. c3 Bd6 7. Bd3 O-O 8. Ne2 Re8 9. Qc2 h5 10. O-O Qc7 11. f4 c5 12. dxc5 Bxc5+ 13. Kh1 Nc6 14. Ng3 h4 15. Ne4 b6 16. Bc4 h3 17.
Nxf6+ gxf6 18. Qg6+ Kf8 19. Qh6+ Ke7 20. Re1+ Be6 21. f5 hxg2+ 22. Kxg2 Rg8+ 23. Kh1 Ne5 24. fxe6 Qc6+ 0-1

[Event "*** Titled Tuesday Blitz"]
[Site "Chess.com"]
[Date "2019.03.05"]
[Round "1"]
[White "LastHeroJr"]
[Black "Lennis93"]
[Result "0-1"]
[WhiteElo "2537"]
[BlackElo "2207"]
[TimeControl "180+2"]
[EndTime "13:04:57 PST"]
[Termination "Lennis93 won by resignation"]

1. e4 c6 2. d4 d5 3. e5 Bf5 4. Nf3 e6 5. Be2 Nd7 6. O-O Ne7 7. a4 a5 8. c4 dxc4 9. Na3 Nb6 10. Bxc4 Ned5 11.
Be2 Bb4 12. Bd2 O-O 13. Nc2 Be7 14. b3 h6 15. Rc1 Bh7 16. Qe1 Nd7 17. Bc4 b6 18.
Ne3 Qb8 19. Nxd5 cxd5 20. Bb5 Ra7 21. Rc6 Rc8 22. Qe2 Rxc6 23. Bxc6 Rc7 24. Bb5 Qc8 25. h3 Nb8 26. Qe3 Ba3 27. g4 Nc6 28. h4 Ne7 29. h5 Bb4 30. Bxb4 axb4 31. Nd2 Rc3 32. Qe2 Nc6 33. Bxc6 Bd3 34. Qd1 Bxf1 35. Bxd5 Rc1 0-1

[Event "*** Titled Tuesday Blitz"]
[Site "Chess.com"]
[Date "2019.03.05"]
[Round "1"]
[White "Rashad_Zeynalli"]
[Black "Durarbayli"]
[Result "0-1"]
[WhiteElo "2400"]
[BlackElo "2777"]
[TimeControl "180+2"]
[EndTime "13:05:18 PST"]
[Termination "Durarbayli won by resignation"]

1. e4 e5 2. Nf3 Nc6 3. Bb5 a6 4. Ba4 Nge7 5. c3 Ng6 6. d4 Be7 7. O-O b5 8. Bb3 O-O 9. a4 b4 10. Bd5 bxc3 11. Nxc3 Bf6 12. Bxc6 dxc6 13. Be3 Bg4 14. d5 Rb8 15. Qc2 Bxf3 16. gxf3 Bg5 17. dxc6 Bf4 18. Ne2 Qg5+ 19. Kh1 Qh5 20. Bxf4 Qxf3+ 21.
Kg1 Nh4 0-1

[Event "*** Titled Tuesday Blitz"]
[Site "Chess.com"]
[Date "2019.03.05"]
[Round "1"]
[White "Chess_for_enjoy"]
[Black "Pudor"]
[Result "1-0"]
[WhiteElo "2629"]
[BlackElo "2268"]
[TimeControl "180+2"]
[EndTime "13:05:21 PST"]
[Termination "Chess_for_enjoy won by resignation"]

1. d4 d5 2. c4 dxc4 3. Nf3 Nf6 4. e3 a6 5. Bxc4 b5 6. Be2 Bb7 7. O-O e6 8. a4 b4 9. Nbd2 c5 10. Nb3 Nbd7 11. Bd2 a5 12. Bb5 Rc8 13. Qe2 Bd5 14.
Nxc5 Bxc5 15. dxc5 Rxc5 16. Rac1 O-O 17. Nd4 Ne4 18. f3 Nxd2 19. Qxd2 Rxc1 20. Rxc1 Nf6 21. e4 Bb7 22. Qf2 Qd6 23. Nb3 Rd8 24. Nxa5 Qf4 25. Re1 Rd2 26. Qe3 Qxe3+ 27. Rxe3 Rxb2 28. Nxb7 b3 29. a5 Rb1+ 30. Kf2 b2 31. Rb3 1-0

[Event "*** Titled Tuesday Blitz"]
[Site "Chess.com"]
[Date "2019.03.05"]
[Round "1"]
[White "ManuDavid2910"]
[Black "ajkom197"]
[Result "1-0"]
[WhiteElo "2762"]
[BlackElo "2396"]
[TimeControl "180+2"]
[EndTime "13:05:23 PST"]
[Termination "ManuDavid2910 won by resignation"]

1. e4 c6 2. Nf3 d5 3. Nc3 dxe4 4.
Nxe4 Nf6 5. Ng3 h5 6. h4 Bg4 7. Be2 e6 8. Ne5 Bxe2 9. Qxe2 Nbd7 10. d4 Nxe5 11. dxe5 Nd5 12. Ne4 Qc7 13. c4 Nb6 14.
Bf4 O-O-O 15. O-O Be7 16. Bg3 Rd4 17. b3 g6 18. Rad1 Rhd8 19. Nd6+ R4xd6 20. exd6 Bxd6 21. Rxd6 Rd7 22. Rxe6 1-0

[Event "*** Titled Tuesday Blitz"]
[Site "Chess.com"]
[Date "2019.03.05"]
[Round "1"]
[White "Grootneus"]
[Black "wannabe2700"]
[Result "0-1"]
[WhiteElo "2180"]
[BlackElo "2556"]
[TimeControl "180+2"]
[EndTime "13:05:23 PST"]
[Termination "wannabe2700 won by resignation"]

1. e4 e6 2. d4 d5 3. Nc3 Nf6 4. Bg5 dxe4 5. Nxe4 Nbd7 6. Nf3 h6 7. Bh4 c5 8. dxc5 g5 9. Nxf6+ Qxf6 10. Bg3 Qxb2 11. Bd3 Bg7 12. Rb1 Bc3+ 13. Kf1 Qxa2 14. h4 g4 15. Nh2 h5 16. Rb3 Bg7 17. Bb5 a6 18. Bxd7+ Bxd7 19. Rxb7 Rd8 20. Bd6 Bf8 21. Qd4 Rh6 22.
Ke2 e5 23. Qe3 Qxc2+ 24. Qd2 Bb5+ 25. Ke3 Qxc5+ 26. Bxc5 Bxc5+ 27. Ke4 Rxd2 28. Rc1 Bc6+ 29. Kxe5 0-1

[Event "*** Titled Tuesday Blitz"]
[Site "Chess.com"]
[Date "2019.03.05"]
[Round "1"]
[White "alpasya2009"]
[Black "PawnEatingZombie"]
[Result "1-0"]
[WhiteElo "2529"]
[BlackElo "2143"]
[TimeControl "180+2"]
[EndTime "13:05:26 PST"]
[Termination "alpasya2009 won by resignation"]

1. d4 d5 2. c4 e6 3. Nf3 dxc4 4. g3 c5 5. Bg2 Nc6 6. O-O cxd4 7. Qa4 Bd7 8. Qxc4 e5 9. e3 Rc8 10. Qe2 dxe3 11.
Bxe3 Nf6 12. Nxe5 Nxe5 13. Bd4 Be7 14. Qxe5 O-O 15. Nc3 Re8 16. Qf4 Qa5 17. Rfe1 Qf5 18. Qxf5 Bxf5 19. Bxb7 Rc7 20. Bf3 Rd8 21. Rad1 Kf8 22.
Nb5 Rc2 23. Nxa7 Bg4 24. Bxf6 1-0

[Event "*** Titled Tuesday Blitz"]
[Site "Chess.com"]
[Date "2019.03.05"]
[Round "1"]
[White "StoreySniper"]
[Black "Alexander_Moskalenko"]
[Result "0-1"]
[WhiteElo "2383"]
[BlackElo "2745"]
[TimeControl "180+2"]
[EndTime "13:05:31 PST"]
[Termination "Alexander_Moskalenko won by resignation"]

1. d4 Nf6 2. Bg5 g6 3. Bxf6 exf6 4. e3 Bg7 5. c4 O-O 6. Nc3 d6 7. Bd3 f5 8. Nge2 Nc6 9. g3 h5 10. h4 Re8 11. O-O Bh6 12. Nd5 a5 13. a3 Nb8 14.
b4 Nd7 15. c5 dxc5 16. dxc5 Nxc5 17. bxc5 Qxd5 18. Bb5 Qxd1 19. Rfxd1 c6 20. Bc4 Bf8 21. Nf4 Kg7 22. Rac1 a4 23. Ba2 Ra5 24. Nd3 Re4 25.
Rb1 Re8 26. Rbc1 Rd8 27. Bc4 Bxc5 28. Nxc5 Rxd1+ 29. Rxd1 Rxc5 30. Rd8 Rxc4 31. Rxc8 Rc3 32. Rc7 b5 33. Kg2 Rxa3 34. Rxc6 b4 35. Rb6 Rb3 36.
Kf3 a3 37. Ra6 Rb2 38. e4 fxe4+ 39. Ke3 a2 0-1

[Event "*** Titled Tuesday Blitz"]
[Site "Chess.com"]
[Date "2019.03.05"]
[Round "1"]
[White "yoolund"]
[Black "LaughingTiger"]
[Result "1/2-1/2"]
[WhiteElo "2515"]
[BlackElo "2148"]
[TimeControl "180+2"]
[EndTime "13:05:32 PST"]
[Termination "Game drawn by agreement"]

1. b3 e5 2. Bb2 Nc6 3. e3 Nf6 4.
Nf3 e4 5. Nd4 Nxd4 6. Bxd4 c5 7.
Bb2 d5 8. d3 Bf5 9. Nd2 Be7 10.
Be2 O-O 11. O-O d4 12. exd4 cxd4 13. dxe4 Nxe4 14. Nxe4 Bxe4 15. Bf3 Bxf3 16. Qxf3 Rc8 17. Rac1 Bg5 18. Rcd1 Bf6 19. Rd2 Qb6 20. Rfd1 Rfd8 21.
g3 h6 22. h4 a5 23. a4 Qb4 24. Qf4 Qd6 25. Qxd6 Rxd6 26. Bxd4 Bxd4 27. Rxd4 Rxd4 28. Rxd4 Rxc2 29. Rd7 b5 30. Rd8+ Kh7 31. Rd5 b4 32. Rxa5 Rc3 33. Rb5 Rxb3 34. a5 Ra3 35. Rxb4 Rxa5 36.
Kg2 Rf5 37. Rc4 Rf6 38. Rd4 1/2-1/2

[Event "*** Titled Tuesday Blitz"]
[Site "Chess.com"]
[Date "2019.03.05"]
[Round "1"]
[White "Marcus_Harvey"]
[Black "017290"]
[Result "1-0"]
[WhiteElo "2589"]
[BlackElo "2229"]
[TimeControl "180+2"]
[EndTime "13:05:37 PST"]
[Termination "Marcus_Harvey won by resignation"]

1. Nf3 Nf6 2. b3 d6 3. Bb2 e5 4.
e3 Bg4 5. Be2 Nbd7 6. O-O g6 7.
d4 exd4 8. Nxd4 Bxe2 9. Nxe2 Bg7 10. Nd2 O-O 11. c4 Nc5 12. Qc2 Re8 13. Ng3 a5 14. a3 h5 15. b4 Ne6 16. Nge4 Nxe4 17.
Nxe4 Ng5 18. Bxg7 Nxe4 19. Bb2 Qh4 20. f3 Nf6 21. Qc3 Re6 22. e4 Qf4 23. g3 Qe5 24. Qd2 Nxe4 25. fxe4 Qxe4 26. Rae1 Qxc4 27. Qh6 1-0

[Event "*** Titled Tuesday Blitz"]
[Site "Chess.com"]
[Date "2019.03.05"]
[Round "1"]
[White "josmito10"]
[Black "Manukyan_Artak"]
[Result "1-0"]
[WhiteElo "2792"]
[BlackElo "2406"]
[TimeControl "180+2"]
[EndTime "13:05:41 PST"]
[Termination "josmito10 won by resignation"]

1. d4 c6 2. c4 d5 3. Nf3 Nf6 4. Qc2 g6 5. Bf4 Bf5 6. Qb3 Qb6 7. e3 h5 8. Nc3 e6 9. c5 Qxb3 10. axb3 Ne4 11. b4 Nd7 12. b5 Bh6 13. Bxh6 Rxh6 14.
b6 a6 15. Nd2 Nxc3 16. bxc3 g5 17. c4 O-O-O 18. cxd5 exd5 19. f3 h4 20. Kf2 Re8 21. Be2 Rhe6 22. Ra3 Nb8 23. Re1 Kd8 24. Bd1 Bg6 25.
Nb3 Bd3 26. Na5 Bb5 27. Nxb7+ Kc8 28. Nd6+ Kd7 29. Nxe8 Rxe8 30. Be2 Kc8 31. Bxb5 cxb5 32. e4 dxe4 33. Rxe4 Rd8 34. Rd3 b4 35. d5 Nd7 36.
Rxb4 1-0

[Event "*** Titled Tuesday Blitz"]
[Site "Chess.com"]
[Date "2019.03.05"]
[Round "1"]
[White "Tocras"]
[Black "Mbneu"]
[Result "1-0"]
[WhiteElo "2607"]
[BlackElo "2241"]
[TimeControl "180+2"]
[EndTime "13:05:41 PST"]
[Termination "Tocras won by resignation"]

1. e4 c5 2. Nc3 Nc6 3. Bb5 a6 4. Bxc6 bxc6 5. d3 d6 6. f4 g6 7. Nf3 Bg7 8. O-O Nf6 9. Qe1 O-O 10. b3 Bg4 11. Bd2 Bxf3 12. Rxf3 Nd7 13. f5 Ne5 14. Rh3 e6 15. Qg3 exf5 16. exf5 Ra7 17. Rf1 f6 18. fxg6 hxg6 19. Ne4 d5 20. Nxc5 Qb6 21. d4 Nf7 22. Qxg6 Nh8 23. Qh7+ Kf7 24. Rg3 Rg8 25. Bh6 1-0

[Event "*** Titled Tuesday Blitz"]
[Site "Chess.com"]
[Date "2019.03.05"]
[Round "1"]
[White "BlueWizzard"]
[Black "Zarikovs1999"]
[Result "1-0"]
[WhiteElo "2651"]
[BlackElo "2296"]
[TimeControl "180+2"]
[EndTime "13:05:50 PST"]
[Termination "BlueWizzard won by resignation"]

1. Nf3 Nf6 2. e3 e6 3. d4 d5 4. a3 Be7 5. Bd3 O-O 6. O-O c5 7. dxc5 Bxc5 8. b4 Bd6 9. Bb2 Nc6 10. Nbd2 Qe7 11. c4 e5 12. cxd5 Nxd5 13. Nc4 Bc7 14.
Be4 Nf6 15. Bxc6 bxc6 16. Bxe5 Ba6 17. Bxc7 Qxc7 18. Qc2 c5 19. Rfc1 cxb4 20. axb4 Bxc4 21. Qxc4 Qxc4 22. Rxc4 Rfc8 23. Rxc8+ Rxc8 24. b5 g6 25. h3 Rc7 26. Nd4 Kg7 27. Nc6 Rb7 28. Nxa7 Ne4 29. f3 Nc3 30. Ra5 Kf6 31. Kf2 Ke5 32. b6+ Kd6 33.
Nb5+ 1-0

[Event "*** Titled Tuesday Blitz"]
[Site "Chess.com"]
[Date "2019.03.05"]
[Round "1"]
[White "Margency"]
[Black "Oleg_Papayan"]
[Result "1-0"]
[WhiteElo "2573"]
[BlackElo "2204"]
[TimeControl "180+2"]
[EndTime "13:05:50 PST"]
[Termination "Margency won by resignation"]

1. d4 Nf6 2. Bf4 e6 3. e3 c5 4.
Nf3 b6 5. Nc3 Bb7 6. Nb5 Nd5 7.
Nd6+ Bxd6 8. Bxd6 Nc6 9. dxc5 bxc5 10. c4 Ndb4 11. a3 Na6 12. Bd3 Qa5+ 13. Nd2 Qb6 14. O-O Ncb4 15. axb4 Qxd6 16. Be4 Bxe4 17. Nxe4 Qxd1 18.
Rfxd1 Nxb4 19. Nxc5 d5 20. Ra4 a5 21. Rda1 Nc6 22.
cxd5 exd5 23. b4 Ke7 24. bxa5 Rhc8 25. a6 Ra7 26. Kf1 Ne5 27. Nb3 Rc2 28. Nd4 Rc3 29.
Nb5 Rcc7 30. Nxc7 1-0

[Event "*** Titled Tuesday Blitz"]
[Site "Chess.com"]
[Date "2019.03.05"]
[Round "1"]
[White "Caterpiller35"]
[Black "ProstoIgrok"]
[Result "0-1"]
[WhiteElo "2329"]
[BlackElo "2687"]
[TimeControl "180+2"]
[EndTime "13:05:51 PST"]
[Termination "ProstoIgrok won on time"]

1. d4 d5 2. Bf4 Nf6 3. e3 e6 4. c3 Bd6 5. Bg3 c5 6. Nd2 Nc6 7. Ngf3 Qe7 8. Bb5 O-O 9. Bxc6 bxc6 10. Qa4 cxd4 11. cxd4 Bxg3 12. hxg3 Bd7 13. Ne5 c5 14. Qa3 Bb5 15. Rc1 Nd7 16. Nxd7 Qxd7 17. Rxc5 Rab8 18. Qc3 Ba6 19. Qc2 g6 20. Nf3 Rfc8 21. Ne5 Qb7 22. b3 Rxc5 23. dxc5 Rc8 24. Qc3 Qb5 25. Qb2 Qxc5 0-1

[Event "*** Titled Tuesday Blitz"]
[Site "Chess.com"]
[Date "2019.03.05"]
[Round "1"]
[White "W_Amadeus"]
[Black "fyall777"]
[Result "0-1"]
[WhiteElo "2639"]
[BlackElo "2315"]
[TimeControl "180+2"]
[EndTime "13:05:53 PST"]
[Termination "fyall777 won by resignation"]

1. e4 d5 2. exd5 Qxd5 3. Nc3 Qd6 4. d4 Nf6 5. Nf3 Bg4 6. h3 Bxf3 7. Qxf3 c6 8. Be3 e6 9. O-O-O Nbd7 10. Kb1 Be7 11.
g4 Nd5 12. Ne4 Qb4 13. c4 Nxe3 14. fxe3 Nf6 15. Nxf6+ Bxf6 16. h4 h6 17. g5 hxg5 18. hxg5 Rxh1 19. Qxh1 Bxg5 20. d5 O-O-O 21. Bh3 Bf6 22.
Qh2 Qxc4 23. Qc2 Qxc2+ 24. Kxc2 cxd5 25. b3 Kc7 26. Kd3 Rh8 27. Rh1 Kd6 28. Bg2 Rxh1 29.
Bxh1 Bb2 30. e4 dxe4+ 31. Bxe4 b6 0-1

[Event "*** Titled Tuesday Blitz"]
[Site "Chess.com"]
[Date "2019.03.05"]
[Round "1"]
[White "Alexey_Potapov"]
[Black "NemtsevIgor"]
[Result "1-0"]
[WhiteElo "2705"]
[BlackElo "2343"]
[TimeControl "180+2"]
[EndTime "13:05:54 PST"]
[Termination "Alexey_Potapov won by checkmate"]

1. c4 c6 2. Nf3 d6 3. g3 Nd7 4. Bg2 h6 5. O-O g5 6. d4 Bg7 7.
Nc3 Nf8 8. h4 Ne6 9. d5 Nf8 10.
dxc6 bxc6 11. Nd4 gxh4 12. Nxc6 Qd7 13. Nxe7 Nxe7 14. Bxa8 hxg3 15. fxg3 Qh3 16. Qxd6 Ne6 17. Nd5 O-O 18. Nxe7+ Kh8 19. Nxc8 Rd8 20. Bg2 Qg4 21.
Qc6 Nd4 22. Qe4 Nxe2+ 23. Kf2 Bd4+ 24. Be3 Bxe3+ 25. Qxe3 Nxg3 26. Qxh6+ Kg8 27. Ne7# 1-0

[Event "*** Titled Tuesday Blitz"]
[Site "Chess.com"]
[Date "2019.03.05"]
[Round "1"]
[White "x-6099009240"]
[Black "SuperCheese"]
[Result "0-1"]
[WhiteElo "2267"]
[BlackElo "2628"]
[TimeControl "180+2"]
[EndTime "13:06:21 PST"]
[Termination "SuperCheese won by checkmate"]

1. e4 e6 2. d4 d5 3. exd5 exd5 4. Nf3 Nc6 5. c3 Bg4 6. Bd3 Qf6 7. Nbd2 Bd6 8. O-O Nge7 9. Qc2 O-O-O 10. b4 Ng6 11. b5 Nce7 12. a4 Nf4 13. Ba3 Bxa3 14. Rxa3 Neg6 15. Bxg6 hxg6 16. Re1 Rde8 17. Ne5 Ne2+ 18.
Rxe2 Bxe2 19. g3 g5 20. Ra1 Rxh2 21. Kxh2 Qxf2+ 22. Kh3 Rh8+ 23. Qh7 Rxh7# 0-1

[Event "*** Titled Tuesday Blitz"]
[Site "Chess.com"]
[Date "2019.03.05"]
[Round "1"]
[White "Bauxi435"]
[Black "Jospem"]
[Result "0-1"]
[WhiteElo "2428"]
[BlackElo "2882"]
[TimeControl "180+2"]
[EndTime "13:06:22 PST"]
[Termination "Jospem won by resignation"]

1. d4 Nf6 2. c4 e6 3. Nc3 Bb4 4.
f3 c5 5. d5 d6 6. e4 O-O 7. Bd3 a6 8. Ne2 exd5 9. cxd5 b5 10. O-O Nbd7 11. Bf4 Qc7 12. Kh1 Re8 13. Rc1 Nf8 14. Bb1 Ng6 15. Bg3 Qe7 16. Nf4 Nxf4 17. Bxf4 Nd7 18. Ne2 Qf6 19. Bg3 Ne5 20. a3 Ba5 21. b3 Ng6 22. f4 Bg4 23. Qc2 Rad8 24. Ng1 Bc8 25. Nf3 Bg4 26. Bh4 Nxh4 27. e5 Qh6 28.
Ng5 Bf5 29. Qf2 Bxb1 30. Rxb1 dxe5 31. Qxc5 exf4 32. Nh3 f3 33. g3 Nf5 34. Nf4 Nxg3+ 35. Kg1 Bb6 0-1

[Event "*** Titled Tuesday Blitz"]
[Site "Chess.com"]
[Date "2019.03.05"]
[Round "1"]
[White "tteshan"]
[Black "Maikrosoft63"]
[Result "1/2-1/2"]
[WhiteElo "2207"]
[BlackElo "2559"]
[TimeControl "180+2"]
[EndTime "13:06:22 PST"]
[Termination "Game drawn by agreement"]

1. e4 c5 2. c3 d5 3. exd5 Qxd5 4. d4 Nf6 5. Be3 cxd4 6. cxd4 e6 7. Nf3 Nc6 8. Nc3 Qd8 9. Bd3 Be7 10. O-O O-O 11. a3 b6 12. Qe2 Bb7 13. Rad1 Nd5 14. Bb1 Nxc3 15. bxc3 Bxa3 16. Qd3 g6 17. Bh6 Re8 18. h4 Bf8 19. Bg5 Be7 20. Rfe1 a5 21. Ba2 Bxg5 22. hxg5 Rc8 23. Qe3 Qd6 24. Nd2 Ne7 25.
Ne4 Bxe4 26. Qxe4 Rxc3 27. d5 exd5 28. Bxd5 Qb4 29. Bxf7+ Kxf7 30. Qe6+ Kf8 31. Qf6+ Kg8 32. Qe6+ Kf8 1/2-1/2